 Dungeon Crawl Stone Soup version 0.19.5 (webtiles) character file.

435 Hybris the Slasher (level 7, -1/63 HPs)
             Began as a Hill Orc Fighter on Apr 2, 2017.
             Slain by a gnoll
             ... wielding a +0 halberd
              (6 damage)
             ... on level 5 of the Dungeon.
             The game lasted 00:03:22 (2983 turns).

Hybris the Slasher (Hill Orc Fighter)               Turns: 2983, Time: 00:03:23

Health: -1/63      AC: 10    Str: 26    XL:     7   Next: 0%
Magic:  7/7        EV:  7    Int:  8    God:
Gold:   234        SH: 10    Dex: 13    Spells: 0 memorised, 6 levels left

rFire  . . .     SeeInvis .     a - +0 long sword
rCold  . . .     Gourm    .     b - +0 scale mail
rNeg   . . .     Faith    .     c - +0 shield
rPois  .         Spirit   .     (no helmet)
rElec  .         Reflect  .     w - +0 cloak
rCorr  .         Harm     .     i - +1 pair of gloves {Dex+3}
MR     .....                    (no boots)
Stlth  ..........               (no amulet)
                                (no ring)
                                (no ring)

@: mighty
A: no striking features
a: no special abilities


You were on level 5 of the Dungeon.
You were near starving.

You visited 1 branch of the dungeon, and saw 4 of its levels.

You collected 234 gold pieces.

Inventory:

Hand Weapons
 a - a +0 long sword (weapon)
Armour
 b - a +0 scale mail (worn)
 c - a +0 shield (worn)
 i - a +1 pair of gloves of dexterity (worn)
 w - a +0 cloak (worn)
Scrolls
 e - 2 scrolls of fog {unknown}
 k - a scroll of remove curse {unknown}
 l - 7 scrolls of identify {unknown}
 o - a scroll of amnesia {unknown}
 p - a scroll of immolation {unknown}
 t - a scroll of magic mapping {unknown}
 v - a scroll of enchant armour {unknown}
Potions
 h - a potion of curing
 j - a potion of heal wounds {unknown}
 m - a potion of invisibility {unknown}
 n - a potion of agility {unknown}
 r - a potion of magic {unknown}
 u - 4 potions of flight {unknown}
Comestibles
 f - 4 bread rations
 g - 2 beef jerkies
 q - 2 meat rations
 s - 3 fruits


   Skills:
 + Level 6.3 Fighting
 * Level 6.4 Long Blades
 - Level 3.2 Armour
 - Level 3.2 Shields


You had 6 spell levels left.
You didn't know any spells.

Dungeon Overview and Level Annotations

Branches:
Dungeon (3/15)

Altars:
Ashenzari
Elyvilon
Nemelex Xobeh
Qazlal


Message History

You are too injured to fight recklessly!
You slice the gnoll!!
You kill the gnoll!
The gnoll closely misses you. You block the gnoll's attack.
The gnoll hits you but does no damage.
You completely miss the gnoll.
The gnoll is heavily wounded.
You block the gnoll's attack. x2
The gnoll hits you with a flail of protection.
* * * LOW HITPOINT WARNING * * *
You hit the gnoll.
The gnoll is severely wounded.
The gnoll hits you from afar with a halberd!
* * * LOW HITPOINT WARNING * * *
You block the gnoll's attack. x2
You slash the gnoll!
You kill the gnoll!
You have reached level 7!
The gnoll hits you from afar with a halberd.
You die...

#.......... .
#......... #
##.......# #####
##......#
#....##.......##
#...........##...
##.....#g.g......#
#.#...###)####...#
###...## #@)# ...
#.#...# #..###.......
#....## ##.##........
#.#.....####..........
#...........##.....#
##.........###.....#
#.#####...# #.....# #.
##..###.....# #.
##..##....##


You could see 2 gnolls.

Vanquished Creatures
  A phantom (D:5)
  An ogre (D:5)
  A bullfrog zombie (D:5)
  A hound (D:5)
  An orc wizard (D:5)
  A bullfrog skeleton (D:5)
  Natasha (D:3)
  A worker ant (D:5)
  2 gnolls (D:5)
  An adder (D:2)
  A shadow imp (D:5)
  An ooze (D:3)
  An adder skeleton (D:5)
  2 worms
  4 orcs (D:5)
  2 giant cockroaches (D:2)
  4 hobgoblins
  A ball python (D:3)
  4 bats
  2 frilled lizards (D:2)
  5 goblins
  A jackal skeleton (D:5)
  5 kobolds
  A leopard gecko zombie (D:5)
  2 rats (D:2)
47 creatures vanquished.

Notes
Turn   | Place    | Note
-------+----------+-------------------------------------------
     0 | D:1      | Hybris the Hill Orc Fighter began the quest for the Orb.
     0 | D:1      | Reached XP level 1. HP: 19/19 MP: 1/1
   303 | D:1      | Reached XP level 2. HP: 26/27 MP: 2/2
   761 | D:2      | Found a white marble altar of Elyvilon.
   829 | D:2      | Reached XP level 3. HP: 33/33 MP: 3/3
   911 | D:2      | Found a shattered altar of Ashenzari.
  1005 | D:2      | Found a sparkling altar of Nemelex Xobeh.
  1586 | D:2      | Found a stormy altar of Qazlal.
  1734 | D:3      | Noticed Natasha
  1744 | D:3      | Killed Natasha
  1744 | D:3      | Reached XP level 4. HP: 20/41 MP: 4/4
  2013 | D:3      | You fall through a shaft for 2 floors!
  2013 | D:5      | Entered Level 5 of the Dungeon
  2045 | D:5      | Reached skill level 5 in Fighting
  2045 | D:5      | Reached XP level 5. HP: 38/48 MP: 5/5
  2538 | D:5      | Reached skill level 5 in Long Blades
  2761 | D:5      | Reached XP level 6. HP: 54/56 MP: 6/6
  2811 | D:5      | Noticed a phantom
  2847 | D:5      | Killed a phantom
  2983 | D:5      | Reached XP level 7. HP: 5/63 MP: 7/7
  2983 | D:5      | Slain by a gnoll

Skill      XL: |  1  2  3  4  5  6 |
---------------+-------------------+-----
Fighting       | 4 5 6 |  6.3
Long Blades    | 3 4 5 6 |  6.4
Armour         | |  3.2
Shields        | |  3.2

Action                   |  1- 3 |  4- 6 |  7- 9 || total
-------------------------+-------+-------+-------++-------
Melee: Long sword        |    87 |   104 |       ||   191
  Use: Potion            |       |     2 |       ||     2
  Eat: Chunk             |     1 |     4 |       ||     5
Armor: Scale mail        |    43 |    34 |       ||    77
Dodge: Dodged            |    29 |    19 |       ||    48
Block: Shield            |    40 |    63 |       ||   103
       Rpst.: Long sword |    10 |     7 |       ||    17
